 Dungeon Crawl Stone Soup version 0.29.1-12-g30fa7ad0bf (webtiles) character file.

Game seed: 18056398367013865138

1607 bnorton916 the Magician (level 8, -2/41 HPs)
             Began as a Deep Elf Fire Elementalist on Jan 3, 2023.
             Was an Initiate of Gozag.
             Slain by a bullfrog (6 damage)
             ... on level 6 of the Dungeon.
             The game lasted 00:08:14 (8635 turns).

bnorton916 the Magician (DEFE)                      Turns: 8635, Time: 00:08:17

Health: -2/41      AC:  3    Str:  5    XL:     8   Next: 63%
Magic:  17/21      EV: 14    Int: 23    God:    Gozag
Gold:   618        SH:  0    Dex: 15    Spells: 9/22 levels left

rFire   . . .      SeeInvis .   s - +5 falchion (drain)
rCold   . . .      Faith    .   (no shield)
rNeg    . . .      Spirit   .   a - +0 robe
rPois   .          Reflect  .   (no helmet)
rElec   .          Harm     .   d - +0 cloak
rCorr   .          Rampage  .   (no gloves)
Will    .....                   (no boots)
Stlth   ++........              (no amulet)
HPRegen 0.13/turn               (no ring)
MPRegen 0.17/turn               (no ring)

@: no status effects
A: no striking features
a: Renounce Religion, Potion Petition, Call Merchant, Bribe Branch


You were on level 6 of the Dungeon.
You worshipped Gozag.
Gozag was pleased with you.
You visited 1 branch of the dungeon, and saw 7 of its levels.

You collected 671 gold pieces.
You paid 53 gold pieces to Gozag.

Inventory:

Hand Weapons
 l - a +2 whip of venom
 s - a +5 falchion of draining (weapon)
Missiles
 q - 6 poisoned darts
Armour
 a - a +0 robe (worn)
 d - a +0 cloak (worn)
 v - a scarf of resistance
Magical Staves
 t - a staff of earth
 w - a staff of fire
Jewellery
 B - a ring of wizardry
Wands
 j - a wand of mindburst (12)
Scrolls
 c - 3 scrolls of blinking
 e - 3 scrolls of butterflies
 f - 2 scrolls of teleportation
 g - 3 scrolls of vulnerability
 h - a scroll of magic mapping
 i - 2 scrolls of enchant weapon
 k - 2 scrolls of noise
 m - a scroll of enchant armour {unknown}
 p - a scroll of poison {unknown}
 r - a scroll of silence {unknown}
 y - 2 scrolls of identify
 A - a scroll of acquirement {unknown}
 C - a scroll of fear {unknown}
Potions
 b - a potion of magic
 n - 2 potions of ambrosia
 o - a potion of invisibility {unknown}
 u - a potion of lignification
 x - 2 potions of attraction {unknown}
 z - a potion of curing


   Skills:
 + Level 4.5 Dodging
 - Level 2.4 Stealth
 - Level 7.6 Spellcasting
 + Level 6.9 Conjurations
 - Level 4.0 Hexes
 - Level 6.7 Fire Magic


You had 9 spell levels left.
You knew the following spells:

 Your Spells              Type           Power      Damage    Failure   Level
a - Foxfire               Conj/Fire      100%       2x1d9     1%          1
b - Scorch                Fire           78%        2d8       1%          2
c - Conjure Flame         Conj/Fire      40%        6-21      1%          3
d - Flame Wave            Conj/Fire      40%        2d11      4%          4
e - Tukima's Dance        Hex            27%        N/A       4%          3

Your spell library contained the following spells:

 Spells                   Type           Power      Damage    Failure   Level
 Inner Flame              Hex/Fire       33%        N/A       2%          3
 Portal Projectile        Hex/Tloc       36%        N/A       10%         3
 Blade Hands              Tmut           4%         N/A       90%         5


Dungeon Overview and Level Annotations

Branches:
Dungeon (7/15)             Temple (0/1) D:4

Altars:
Gozag
Ru
Uskayaw
Zin

Annotations:
D:2 1 runed translucent door, Crazy Yiuf
D:3 2 transporters, GrahamHailey's ghost, weakling DsCj
D:7 Joseph


Message History

You start waiting.
Done waiting.
You start waiting.
Done waiting.
There is a glowing silver altar of Zin here.
There is a stone staircase leading down here.
You climb downwards.
The bullfrog gives a loud, deep croak!
Joseph unwields a +0 quarterstaff.
Joseph wields a +0 sling.
Joseph shoots a sling bullet.
The sling bullet hits you!
The howler monkey hoots and howls with incredible vigour!
The howler monkey howls!
You hear a shout! x2
There is a stone staircase leading up here.
The bullfrog releases a deep croak.
The bullfrog closely misses you. The sky beast closely misses you.
You climb upwards.
There is a stone staircase leading down here.
Unknown command.
Casting: Scorch (safe; 1% risk of failure)
Confirm with . or Enter, or press ? or * to list all spells.
Flames lash the sky beast.
The sky beast is lightly wounded.
The sky beast's fire resistance burns away.
The bullfrog hits you. The sky beast closely misses you. The bullfrog hits you.
The bullfrog barely misses you. The sky beast barely misses you.
Unknown command.
Casting: Scorch (safe; 1% risk of failure)
Confirm with . or Enter, or press ? or * to list all spells.
Flames lash the bullfrog.
The bullfrog is heavily wounded.
The bullfrog's fire resistance burns away.
The bullfrog hits you.
* * * LOW HITPOINT WARNING * * *
The sky beast hits you.
* * * LOW HITPOINT WARNING * * *
The sky beast shocks you.
* * * LOW HITPOINT WARNING * * *
The bullfrog hits you.
You die...
Your body crumbles into a pile of gold.

######### #....##.# #
#######.......# ##.####.# #
#.........[...##### #......# #
#.#####.##........###.###### #
#.#####.##.##..........# #
#.##...).......≈≈≈≈≈≈≈.### ##
#.##.##.#####............# #.
#.##.##.#####..≈.≈≈≈.≈.#.# #.
#....).).....@.≈.....≈.#.# #.
###.###......YF≈.._..≈...# #.
#.# #........≈.....≈.#.####.
#.# #........≈.≈≈≈.≈.#......
#.# #.................>.....
###.###........≈≈≈≈≈≈≈.#......
#......................#.####.
#.#.##........#..#.......# #.
##.#.##.#####.###.#.####### #.


You could see a sky beast (combustible) and a bullfrog (combustible).

Vanquished Creatures
  Prince Ribbit (D:6)
  An ice beast (D:6)
  A sky beast (D:6)
  3 black bears (D:5)
  An ogre (D:4)
  2 scorpions
  A bullfrog (D:6)
  A necrophage (D:6)
  A howler monkey (D:6)
  A gnoll bouda (D:5)
  4 hounds
  A jelly (D:6)
  Terence (D:2)
  4 iguanas
  3 orc wizards
  5 gnolls (D:5)
  8 adders
  A shadow imp (D:6)
  2 white imps (D:5)
  An ufetubus (D:5)
  A worm (D:4)
  2 dart slugs
  6 orcs
  6 ball pythons
  3 bats
  2 endoplasms
  A giant cockroach (D:3)
  6 goblins
  5 hobgoblins
  5 jackals
  5 quokkas
  A frilled lizard (D:6)
  6 kobolds
  3 rats (D:1)
95 creatures vanquished.

Vanquished Creatures (others)
  410 foxfires
410 creatures vanquished.

Grand Total: 505 creatures vanquished

Notes
Turn   | Place    | Note
-------+----------+-------------------------------------------
     0 | D:1      | bnorton916 the Deep Elf Fire Elementalist began the quest
                  | for the Orb.
     0 | D:1      | Reached XP level 1. HP: 10/10 MP: 6/6
   435 | D:1      | Reached XP level 2. HP: 15/15 MP: 6/8
  1523 | D:2      | Reached XP level 3. HP: 19/19 MP: 7/10
  1623 | D:2      | Found a runed translucent door.
  1624 | D:2      | Noticed Crazy Yiuf
  1764 | D:2      | Found a hide-covered altar of Uskayaw.
  1846 | D:2      | Noticed Terence
  1872 | D:2      | Killed Terence
  1873 | D:2      | Reached skill level 4 in Spellcasting
  2190 | D:2      | Found a faded altar of an unknown god.
  2378 | D:3      | Learned a level 2 spell: Scorch
  2400 | D:3      | Found a transporter.
  2467 | D:3      | Reached XP level 4. HP: 8/24 MP: 9/12
  2793 | D:3      | Found a transporter.
  2812 | D:3      | Noticed an ogre
  2826 | D:3      | Noticed GrahamHailey's ghost (weakling DsCj)
  3994 | D:4      | Found an opulent altar of Gozag.
  4006 | D:4      | Found a hide-covered altar of Uskayaw.
  4010 | D:4      | Became a worshipper of Gozag Ym Sagoz the Greedy
  4042 | D:4      | Noticed an ogre
  4048 | D:4      | Killed an ogre
  4049 | D:4      | Reached skill level 5 in Spellcasting
  4049 | D:4      | Reached XP level 5. HP: 28/28 MP: 9/14
  4132 | D:4      | Found a staircase to the Ecumenical Temple.
  5007 | D:5      | Entered Level 5 of the Dungeon
  5035 | D:4      | Reached skill level 5 in Fire Magic
  5035 | D:4      | Reached XP level 6. HP: 30/32 MP: 8/16
  5533 | D:5      | Reached skill level 6 in Spellcasting
  5829 | D:5      | Reached XP level 7. HP: 14/36 MP: 9/18
  6059 | D:5      | Reached skill level 5 in Conjurations
  6163 | D:5      | Reached skill level 7 in Spellcasting
  6708 | D:6      | Found a sacrificial altar of Ru.
  6799 | D:6      | Reached XP level 8. HP: 12/41 MP: 14/21
  7027 | D:6      | Learned a level 3 spell: Conjure Flame
  7032 | D:6      | Learned a level 4 spell: Flame Wave
  7036 | D:6      | Learned a level 3 spell: Tukima's Dance
  7184 | D:6      | Reached skill level 1 in Hexes
  7446 | D:6      | Noticed Prince Ribbit
  7458 | D:6      | Killed Prince Ribbit
  7550 | D:6      | Found a glowing silver altar of Zin.
  8630 | D:7      | Noticed Joseph
  8635 | D:6      | Slain by a bullfrog

Illustrated notes

Levels and vault maps discovered:
D:1:      onia_arrival_mini_maze_b, layout_loops_ring
D:2:      layout_rooms, hellmonk_ecumenical_altar_prayer_group, basic_altar,
          uniq_terence, uniq_crazy_yiuf_cottage
D:3:      layout_loops_ring, gammafunk_ghost_arena
D:4:      layout_basic, grunt_temple_overflow_open, temple_green
D:5:      layout_basic
D:6:      layout_loops_cross, nicolae_ru_great_annihilating_truth,
          mainiacjoe_overflow_cross_hatched, uniq_prince_ribbit1
D:7:      layout_rooms, minmay_circle_x, uniq_duvessa, uniq_joseph

Skill      XL: |  1  2  3  4  5  6  7  8 |
---------------+-------------------------+-----
Conjurations   | 2 3 4 5 6 |  6.9
Spellcasting   | 4 5 6 7 |  7.6
Fire Magic     | 4 5 6 |  6.7
Hexes          | 4 |  4.0
Dodging        | 4 |  4.5
Stealth        | |  2.4

Action                   |  1- 3 |  4- 6 |  7- 9 || total
-------------------------+-------+-------+-------++-------
 Cast: Foxfire           |    90 |    79 |    83 ||   252
       Scorch            |       |    22 |    16 ||    38
       Tukima's Dance    |       |       |     2 ||     2
  Use: Scroll            |     4 |     6 |       ||    10
       Potion            |       |     4 |       ||     4
Armor: Robe              |     3 |     4 |     1 ||     8
Dodge: Dodged            |     9 |    17 |    27 ||    53
